 Dungeon Crawl Stone Soup version 0.30-a0-824-g6c64550be9 (webtiles) character file.

Game seed: 5715152346679329984

110 zinnoa the Magician (level 5, 0/36 HPs)
             Began as a Djinni Fire Elementalist on Feb 27, 2023.
             Was an Initiate of Gozag.
             Slain by an orc wizard
             ... wielding a +0 dagger
              (3 damage)
             ... on level 4 of the Dungeon.
             The game lasted 00:19:39 (2539 turns).

zinnoa the Magician (Djinni Fire Elementalist)      Turns: 2539, Time: 00:19:39

Health: 0/36       AC:  3    Str:  7    XL:     5   Next: 14%
Gold:   131        EV: 12    Int: 24    God:    Gozag SH:  0 Dex: 14

rFire   + + .      SeeInvis .    j - +2 dagger (speed)
rCold   x . .      Faith    .    (no shield)
rNeg    . . .      Spirit   .    a - +0 robe
rPois   ∞          Reflect  .    h - +0 helmet
rElec   .          Harm     .    (no cloak)
rCorr   .          Rampage  .    (no gloves)
Will    .....                    (boots unavailable)
Stlth   ++                       d - amulet of the acrobat
HPRegen 0.26/turn                l - +6 ring of intelligence
MPRegen 0.00/turn                (no ring)

@: gold aura, flying
A: sickness immunity, fire resistance 2, cold vulnerability 1, float, innate
caster, HP casting, extra vitality 1
a: Renounce Religion, Potion Petition, Call Merchant, Bribe Branch


You were on level 4 of the Dungeon.
You worshipped Gozag.
Gozag was aware of your devotion.
You visited 1 branch of the dungeon, and saw 4 of its levels.

You collected 168 gold pieces.
You paid 37 gold pieces to Gozag.

Inventory:

Hand Weapons
 j - a +2 dagger of speed (weapon)
Armour
 a - a +0 robe (worn)
 h - a +0 helmet (worn)
 s - a +0 scale mail
Jewellery
 d - an amulet of the acrobat (around neck)
 l - a +6 ring of intelligence (left hand)
 m - a ring of protection from fire
Scrolls
 b - a scroll of teleportation {unknown}
 e - a scroll of noise {unknown}
 i - a scroll of amnesia {unknown}
 o - a scroll of fog {unknown}
 q - a scroll of summoning {unknown}
 r - a scroll of silence {unknown}
Potions
 c - a potion of lignification {unknown}
 f - a potion of cancellation {unknown}
 g - 2 potions of haste {unknown}
 k - a potion of mutation {unknown}
 n - 3 potions of attraction {unknown}
 p - a potion of flight {unknown}
 t - a potion of curing {unknown}


   Skills:
 * Level 0.9 Fighting
 * Level 0.6 Armour
 * Level 2.6 Dodging
 - Level 2.0 Stealth
 + Level 3.7 Spellcasting


You knew the following spells:

 Your Spells              Type           Power      Damage    Failure   Level
a - Foxfire               Conj/Fire      88%        2x1d8     2%          1
b - Scorch                Fire           44%        2d7       3%          2
c - Kindle Blastsparks    Fire/Tloc/Air  44%        2d13      6%          3
d - Inner Flame           Hex/Fire       22%        N/A       6%          3
e - Flame Wave            Conj/Fire      22%        2d8       22%         4
f - Magic Dart            Conj           88%        1d7       2%          1
g - Call Imp              Summ           22%        N/A       3%          2
Your spell library was empty.

Dungeon Overview and Level Annotations

Branches:
Dungeon (4/15)
 Temple: D:4-7

Altars:
Gozag
Wu Jian

Shops:
D:1 !


Innate Abilities, Weirdness & Mutations

You are immune to sickness and miasma.
You are immune to poison.
Your flesh is very heat resistant. (rF++)
You are vulnerable to cold. (rC-)
You float through the air rather than walking.
You learn spells naturally, not from books.
Your magical power is your life essence.
You have superior vitality. (+4 MHP)


Message History

Confirm with . or Enter, or press ? or * to list all spells.
Aiming: Magic Dart (safe; 2% risk of failure)
Press: ? - help, Shift-Dir - straight line, f - orc priest, p - quokka
Aim: an orc priest, wielding a +0 war axe (inner flame, 100% to hit)
The magic dart hits the quokka.
Flame seeps out of the quokka.
The quokka is lightly wounded.
The quokka is engulfed in blazing flames.
The quokka explodes!
The fiery explosion engulfs the orc priest!!
The orc priest explodes!
The scorpion stings you.
An orc comes into view. It is wielding a +0 whip.
The orc closely misses you.
You have reached level 5!
The power to cast Call Imp wells up from within.
Spell assigned to 'g'.
Casting: Magic Dart (safe; 2% risk of failure)
Confirm with . or Enter, or press ? or * to list all spells.
Aiming: Magic Dart (safe; 2% risk of failure)
Press: ? - help, Shift-Dir - straight line, f - scorpion
Aim: a scorpion (inner flame, 100% to hit)
The magic dart hits the scorpion but does no damage.
The orc shouts!
The scorpion stings you.
* * * LOW HITPOINT WARNING * * *
The orc wizard hits you but does no damage.
The orc hits you with a +0 short sword.
* * * LOW HITPOINT WARNING * * *
Casting: Magic Dart (safe; 2% risk of failure)
Confirm with . or Enter, or press ? or * to list all spells.
Aiming: Magic Dart (safe; 2% risk of failure)
Press: ? - help, Shift-Dir - straight line, f/p - scorpion
Aim: a scorpion (inner flame, 100% to hit)
The magic dart hits the scorpion but does no damage.
* * * LOW HITPOINT WARNING * * *
The scorpion stings you.
* * * LOW HITPOINT WARNING * * *
The orc wizard hits you with a +0 dagger.
You die...
Your body crumbles into a pile of gold.

#.......##...####
# ###(##.......#
..
###.#.##......#
#. ..###.####.###
..####.#.## #.#
...##.######.#
#.#......##.#
#...........#
#@.......####
#..oos......#
####...$.>..#
##§§§....#
##°§.#### #§§§#
#§o§# $..#


You could see a scorpion (inner flame), an orc wizard (inner flame) and 2 orcs.

Vanquished Creatures
  An orc priest (D:4)
  2 adders (D:2)
  2 dart slugs (D:1)
  5 bats
  4 endoplasms
  3 giant cockroaches
  5 goblins
  5 hobgoblins
  4 quokkas
  4 ball pythons
  3 frilled lizards (D:3)
  8 kobolds
  7 rats
53 creatures vanquished.

Vanquished Creatures (others)
  65 foxfires (D:1)
65 creatures vanquished.

Grand Total: 118 creatures vanquished

Notes
Turn   | Place    | Note
-------+----------+-------------------------------------------
     0 | D:1      | zinnoa the Djinni Fire Elementalist began the quest for the
                  | Orb.
     0 | D:1      | zinnoa set off with the following spells memorised:
                  | Foxfire, Scorch, Kindle Blastsparks, Inner Flame, Flame
                  | Wave.
     0 | D:1      | Reached XP level 1. HP: 15/15 MP: 0/0
   112 | D:1      | Reached XP level 2. HP: 12/21 MP: 0/0
   434 | D:1      | Reached skill level 3 in Spellcasting
   438 | D:1      | Found Xuorhol's Distillery.
   546 | D:1      | Reached XP level 3. HP: 17/25 MP: 0/0
   546 | D:1      | Learned a level 1 spell: Magic Dart
   941 | D:2      | Found an ornate altar of the Wu Jian Council.
  1351 | D:2      | Reached XP level 4. HP: 29/31 MP: 0/0
  1844 | D:3      | HP: 1/31 [cloud of flame (6)]
  2137 | D:3      | Found an opulent altar of Gozag.
  2145 | D:3      | Became a worshipper of Gozag Ym Sagoz the Greedy
  2532 | D:4      | Noticed a scorpion
  2538 | D:4      | Reached XP level 5. HP: 12/36 MP: 0/0
  2538 | D:4      | Learned a level 2 spell: Call Imp
  2539 | D:4      | Slain by an orc wizard

Illustrated notes

Levels and vault maps discovered:
D:1:      heliophobic_arrival_ceremonial_halls, layout_loops_ring, serial_shops,
          nicolae_square_shop
D:2:      layout_loops_ring, basic_altar
D:3:      layout_rooms, nicolae_gozag_cash_rules_everything_around_me,
          kennysheep_pointless_box
D:4:      layout_loops_cross, nicolae_wu_jian_immortal_techniques,
          xom_teletrap_fun, overflow_temple_1_default,
          chequers_serial_rivers_room_a, dreamdust_gnoll_farm

Skill      XL: |  1  2  3 |
---------------+----------+-----
Spellcasting   | 3 |  3.7
Stealth        | 2 |  2.0
Fighting       | |  0.9
Armour         | |  0.6
Dodging        | |  2.6

Action                     |  1- 3 |  4- 6 || total
---------------------------+-------+-------++-------
   Cast: Foxfire           |    42 |       ||    42
         Magic Dart        |    24 |    30 ||    54
         Inner Flame       |     6 |    17 ||    23
         Scorch            |     3 |       ||     3
 Armour: Robe              |     2 |     1 ||     3
  Dodge: Dodged            |     5 |     5 ||    10

Table legend: (Time is in decaauts)
 A = Elapsed time spent in this place.
 B = Non-inter-level travel time spent in this place.
 C = Inter-level travel time spent in this place.
 D = Time resting spent in this place.
 E = Time spent auto-exploring this place.
 F = Levels seen in this place.
 G = Mean time per level.
                   A        B        C        D        E       F      G
               +--------+--------+--------+--------+--------+-----+--------+
         Total |   2537 |   2461 |     76 |    455 |   1214 |   4 |  634.2 |
       Dungeon |   2537 |   2461 |     76 |    455 |   1214 |   4 |  634.2 |
               +--------+--------+--------+--------+--------+-----+--------+

Top non-repeatable levels by time:
     D:1: 938 daAuts
     D:2: 897 daAuts
     D:3: 599 daAuts
     D:4: 101 daAuts
